 Dungeon Crawl Stone Soup version 0.29.1-13-g9f3cf754e1 (webtiles) character file.

Game seed: 15504084865528863087

27976 nightchill the Destroyer (level 13, -4/82 HPs)
             Began as a Tengu Conjurer on Jan 18, 2023.
             Was a High Priest of Vehumet.
             Constricted to death by Jorgrun (9 damage)
             ... while petrified by Jorgrun
             ... on level 2 of the Orcish Mines on Jan 21, 2023.
             The game lasted 02:44:17 (23343 turns).

nightchill the Destroyer (Tengu Conjurer)          Turns: 23343, Time: 02:44:17

Health: -4/82      AC:  6    Str:  9    XL:     13   Next: 35%
Magic:  36/36      EV: -1    Int: 26    God:    Vehumet [*****.]
Gold:   819        SH:  0    Dex: 13    Spells: 9/31 levels left

rFire   + + .      SeeInvis .   a - +2 whip of Jogul {protect, Int+4}
rCold   x . .      Faith    .   (no shield)
rNeg    + + +      Spirit   .   I - +2 robe {rF+}
rPois   ∞          Reflect  .   (helmet restricted)
rElec   .          Harm     .   v - +0 cloak
rCorr   .          Rampage  .   Q - +0 pair of gloves
Will    .....                   (boots unavailable)
Stlth   +++.......              (no amulet)
HPRegen 0.23/turn               w - ring of magical power
MPRegen 0.25/turn               x - ring of fire

@: petrified, grasped by roots, flying quickly and evasively, constricted, quick
A: beak, talons 3, nimble flight
a: Renounce Religion


You were on level 2 of the Orcish Mines.
You worshipped Vehumet.
Vehumet was extremely pleased with you.
You visited 4 branches of the dungeon, and saw 17 of its levels.

You collected 1119 gold pieces.
You spent 300 gold pieces at shops.

Inventory:

Hand Weapons
 a - the +2 whip of Jogul (weapon) {protect, Int+4}
   (You took it off a kobold on level 9 of the Dungeon)

   It grants its wielder temporary protection when it strikes (+7 to AC).
   Int:       It affects your intelligence (+4).
 b - a +3 dagger of venom
 u - a +3 dagger of speed
 D - the +2 mace of Purpose {spect, rC++}
   (You found it on level 6 of the Dungeon)

   When its wielder attacks, the weapon's spirit leaps out and strikes again.
   The spirit shares a part of any damage it takes with its wielder.
   rC:        It greatly protects you from cold.
 S - a +0 sling of venom
 W - the +6 quarterstaff of Hoarch {spect, rElec rN++ Str-3 Dex-3}
   (You found it on level 3 of the Lair of Beasts)

   When its wielder attacks, the weapon's spirit leaps out and strikes again.
   The spirit shares a part of any damage it takes with its wielder.
   Str:       It affects your strength (-3).
   Dex:       It affects your dexterity (-3).
   rElec:     It insulates you from electricity.
   rN:        It greatly protects you from negative energy.
Missiles
 t - 55 poisoned darts (quivered)
 E - 2 throwing nets
 T - 5 curare-tipped darts
Armour
 v - a +0 cloak (worn)
 I - a +2 robe of fire resistance (worn)
 Q - a +0 pair of gloves (worn)
Jewellery
 k - a ring of resist corrosion
 w - a ring of magical power (left hand)
 x - a ring of fire (right hand)
 F - a +6 ring of intelligence
 J - a ring of positive energy
Wands
 l - a wand of flame (13)
 s - a wand of charming (10)
 C - a wand of iceblast (13)
 H - a wand of mindburst (11)
 M - a wand of light (11)
 R - a wand of digging (4)
Scrolls
 d - a scroll of magic mapping
 e - a scroll of butterflies
 o - 2 scrolls of identify
 q - a scroll of fear
 r - a scroll of teleportation
 A - 2 scrolls of immolation
 G - a scroll of torment
 L - 2 scrolls of blinking
 V - 2 scrolls of vulnerability
Potions
 c - a potion of attraction
 f - 7 potions of heal wounds
 g - 3 potions of haste
 h - 2 potions of magic
 i - 4 potions of mutation
 j - 5 potions of flight
 m - 9 potions of curing
 n - 2 potions of brilliance
 p - a potion of ambrosia
 K - a potion of cancellation
 O - 2 potions of might
 P - 2 potions of resistance
 U - a potion of invisibility


   Skills:
 + Level 9.9 Fighting
 - Level 2.0 Armour
 - Level 5.0 Dodging
 - Level 6.0 Stealth
 + Level 9.5 Spellcasting
 - Level 12.8 Conjurations
 - Level 3.3 Hexes
 - Level 3.0 Transmutations
 + Level 10.6 Air Magic
 * Level 8.8 Poison Magic


You had 9 spell levels left.
You knew the following spells:

 Your Spells              Type           Power      Damage    Failure   Level
a - Magic Dart            Conj           100%       1d8       1%          1
b - Searing Ray           Conj           100%       2d8       1%          2
c - Fulminant Prism       Conj/Hex       26%        3d14      1%          4
d - Slow                  Hex            100%       N/A       1%          1
e - Iskenderun's Mystic   Conj/Tloc      45%        2d10      1%          4
g - Shock                 Conj/Air       100%       1d9       1%          1
h - Olgreb's Toxic Radia  Pois           55%        N/A       1%          4
i - Irradiate             Conj/Tmut      26%        3d20      1%          5

Your spell library contained the following spells:

 Spells                   Type           Power      Damage    Failure   Level
 Sticky Flame             Conj/Fire      62%        2d8       1%          4
 Dazzling Flash           Conj/Hex       100%       N/A       1%          3
 Swiftness                Air            61%        N/A       1%          3
 Ensorcelled Hibernation  Hex/Ice        42%        N/A       3%          2
 Confusing Touch          Hex            29%        N/A       3%          3
 Tukima's Dance           Hex            29%        N/A       3%          3
 Passwall                 Tmut/Erth      16%        N/A       4%          2
 Yara's Violent Unravell  Hex/Tmut       14%        3d7       11%         5
 Alistair's Intoxication  Tmut/Pois      28%        N/A       12%         5
 Vampiric Draining        Necr           12%        2d6       14%         3
 Eringya's Noxious Bog    Tmut/Pois      21%        N/A       17%         6
 Passage of Golubria      Tloc           12%        N/A       43%         4
 Borgnjor's Vile Clutch   Necr/Erth      6%         N/A       80%         5


Dungeon Overview and Level Annotations

Branches:
Dungeon (10/15)            Temple (1/1) D:7            Lair (4/5) D:10
 Shoals (0/4) Lair:3       Spider (0/4) Lair:2          Orc (2/2) D:9
    Elf (0/3) Orc:2
  Slime: Lair:4-5

Altars:
Elyvilon
Nemelex Xobeh
Okawaru
Qazlal
Ru
Sif Muna
Trog
Uskayaw
Vehumet
Xom
Yredelemnul
Zin
The Shining One

Shops:
D:5 =   D:9 (   D:10 [   Orc:1 :=

Portals:
Trove: D:10 (give +3 storm dragon scales)

Annotations:
D:4 3 runed translucent doors, exclusions: door, downstairs and water moccasin, mandor's ghost, amateur DjWr
D:5 2 runed translucent doors
D:6 exclusion: downstairs, Eustachio
D:7 exclusions: downstairs and upstairs
D:8 2 exclusions
D:9 exclusion: downstairs
Lair:1 exclusions: blink frog and downstairs
Lair:3 exclusions: door and downstairs
Orc:2 Jorgrun


Innate Abilities, Weirdness & Mutations

You have a beak for a mouth.
You have claws for feet.
Your magical nature lets you fly swiftly and evasively.


Message History

a +0 scale mail; a +0 short sword You start resting.
Your magical contamination has completely faded away.
You start resting.
Magic restored.
You start resting.
HP restored.
You fly downwards.
Level annotation: Jorgrun The orc warrior barely misses you.
Jorgrun points at you and mumbles some strange words.
You are slowing down.
The orc warrior hits you with a +0 war axe!
Jorgrun points at you and mumbles some strange words.
Roots burst forth from the earth!
The grasping roots grab you! The grasping roots constrict you!
There is a stone staircase leading up, spattered with blood here.
The roots grasp on you weakens, but your attempt to escape fails.
The orc warrior hits you with a +0 war axe!
The grasping roots constrict you!
You have turned to stone.
The orc warrior hits you with a +0 war axe!
The grasping roots constrict you!
The orc warrior hits you with a +0 war axe!!
* * * LOW HITPOINT WARNING * * *
The grasping roots constrict you.
* * * LOW HITPOINT WARNING * * *
The orc priest miscasts a cantrip.
The orc warrior hits you with a +0 war axe!
* * * LOW HITPOINT WARNING * * *
Jorgrun hits you with a staff of earth!
* * * LOW HITPOINT WARNING * * *
The grasping roots constrict you!
* * * LOW HITPOINT WARNING * * *
The orc warrior hits you with a +0 war axe!
* * * LOW HITPOINT WARNING * * *
Jorgrun hits you with a staff of earth!
* * * LOW HITPOINT WARNING * * *
The grasping roots constrict you!!
You die...

##.........
#..........
#...#..)#.$.
#.....)......
#.##..........
#..##...#......
##o...#..#..o....
###g..[....#..†....
#.@[..[.....)......
#..o...........>....
#..###.#............
#.## ####...........
#.# ##.....#.... ##
###.#####.# ### ###


You could see Jorgrun, an orc warrior and an orc priest.

Vanquished Creatures
  4 hydras
  A two-headed ogre (D:9)
  Sonja (Lair:2)
  An orc sorcerer (Orc:2)
  7 cane toads
  A torpor snail (Lair:4)
  2 black mambas (Lair:4)
  7 komodo dragons
  A rime drake (Lair:2)
  A meliai (Lair:2)
  4 trolls (D:10)
  2 polar bears
  11 blink frogs
  Grinder (D:6)
  4 slime creatures
  A shadow (D:9)
  5 wyverns
  38 yaks
  2 fire elementals (Orc:2)
  3 basilisks
  14 water moccasins
  3 hell hounds (Orc:2)
  2 ice beasts
  4 orc warriors
  5 ogres
  5 wolves (Lair:1)
  2 centaurs
  4 kobold brigands
  9 bullfrogs
  A necrophage (D:4)
  2 gnoll sergeants
  3 scorpions (D:5)
  14 wights
  10 killer bees
  3 howler monkeys
  3 electric eels
  2 gnoll boudas
  3 orc priests
  4 hounds
  2 jellies
  5 iguanas
  17 orc wizards
  6 hell rats (Lair:4)
  5 adders
  17 gnolls
  A white imp (D:5)
  A worm (D:5)
  A dart slug (D:5)
  40 orcs
  A bat (D:3)
  8 endoplasms
  2 giant cockroaches
  3 goblins
  3 hobgoblins
  7 jackals
  21 kobolds
  4 quokkas
  8 ball pythons
  2 frilled lizards
  8 rats
  A butterfly (Lair:3)
  3 fulminant prisms
356 creatures vanquished.

Vanquished Creatures (others)
  9 bushes
  168 fulminant prisms
  29 fungi
  53 plants
259 creatures vanquished.

Grand Total: 615 creatures vanquished

Notes
Turn   | Place    | Note
-------+----------+-------------------------------------------
     0 | D:1      | nightchill the Tengu Conjurer began the quest for the Orb.
     0 | D:1      | Reached XP level 1. HP: 10/10 MP: 4/4
   121 | D:1      | Reached XP level 2. HP: 8/15 MP: 0/6
   256 | D:1      | Learned a level 2 spell: Searing Ray
   786 | D:1      | Found a faded altar of an unknown god.
   824 | D:1      | Reached XP level 3. HP: 19/19 MP: 4/7
  1569 | D:2      | Reached skill level 6 in Conjurations
  2193 | D:3      | Found a bloodstained altar of Trog.
  2512 | D:3      | Reached XP level 4. HP: 24/24 MP: 3/8
  3268 | D:3      | Learned a level 4 spell: Fulminant Prism
  3298 | D:4      | Identified the +2 scale mail "Ykugiq" {rPois}
  3510 | D:4      | Gained mutation: Your magical nature lets you fly swiftly
                  | and evasively. [Tengu growth]
  3510 | D:4      | Reached XP level 5. HP: 17/28 MP: 3/10
  3675 | D:4      | Found a shimmering blue altar of Sif Muna.
  3680 | D:4      | Noticed a water moccasin
  4029 | D:4      | Found a glowing silver altar of Zin.
  4029 | D:4      | Found a sacrificial altar of Ru.
  4029 | D:4      | Noticed an ogre
  4264 | D:5      | Entered Level 5 of the Dungeon
  4291 | D:5      | Reached skill level 7 in Conjurations
  4455 | D:4      | Reached skill level 1 in Fighting
  4455 | D:4      | Reached skill level 1 in Hexes
  4455 | D:4      | Reached XP level 6. HP: 31/34 MP: 5/11
  5002 | D:5      | Reached XP level 7. HP: 39/39 MP: 6/12
  5261 | D:5      | Reached skill level 8 in Conjurations
  6190 | D:4      | Found a runed translucent gate.
  6190 | D:4      | Found a runed translucent gate.
  6190 | D:4      | Noticed mandor's ghost (amateur DjWr)
  6191 | D:4      | Found a runed translucent gate.
  6286 | D:4      | Reached skill level 9 in Conjurations
  6789 | D:5      | Found Paecoteh's Jewellery Boutique.
  6800 | D:5      | Bought a ring of magical power for 300 gold pieces
  6867 | D:5      | Reached XP level 8. HP: 46/46 MP: 15/15
  7116 | D:5      | Found a shimmering altar of Xom.
  7212 | D:5      | Found a runed translucent door.
  7213 | D:5      | Found a runed translucent door.
  7700 | D:6      | Learned a level 1 spell: Slow
  7705 | D:6      | Learned a level 4 spell: Iskenderun's Mystic Blast
  7825 | D:6      | Learned a level 3 spell: Tukima's Dance
  7885 | D:6      | Reached skill level 10 in Conjurations
  7919 | D:6      | Noticed Grinder
  7925 | D:6      | Killed Grinder
  8231 | D:6      | Noticed Eustachio
  8358 | D:6      | Identified the +2 mace of Purpose {spect, rC++}
  8557 | D:7      | Found a staircase to the Ecumenical Temple.
  8566 | Temple   | Entered the Ecumenical Temple
  8573 | Temple   | Became a worshipper of Vehumet
  8633 | D:7      | Reached skill level 5 in Spellcasting
  8633 | D:7      | Reached XP level 9. HP: 38/52 MP: 16/17
  8784 | D:7      | Reached skill level 11 in Conjurations
  9061 | D:7      | Reached * piety under Vehumet
  9061 | D:7      | Offered knowledge of Shock by Vehumet.
  9064 | D:7      | Learned a level 1 spell: Shock
  9735 | D:8      | Reached skill level 5 in Fighting
 10305 | D:8      | Reached skill level 12 in Conjurations
 10495 | D:8      | Reached skill level 1 in Air Magic
 11218 | D:9      | Found a white marble altar of Elyvilon.
 11437 | D:9      | Found Muink's Weapon Shop.
 11453 | D:9      | Reached XP level 10. HP: 56/59 MP: 19/19
 11519 | D:9      | Found a staircase to the Orcish Mines.
 11733 | D:9      | Found an iron altar of Okawaru.
 11735 | D:9      | Found a hide-covered altar of Uskayaw.
 11809 | D:9      | Reached ** piety under Vehumet
 11814 | D:9      | Offered knowledge of Scorch by Vehumet.
 11815 | D:9      | Reached skill level 5 in Dodging
 11815 | D:9      | Reached skill level 5 in Stealth
 11952 | D:9      | Identified the +2 whip of Jogul {protect, Int+4}
 12026 | D:9      | Upgraded the game from 0.29.1-12-g30fa7ad0bf to
                  | 0.29.1-13-g9f3cf754e1
 12098 | D:10     | Entered Level 10 of the Dungeon
 12427 | D:10     | Found Meov Wojo's Antique Armour Boutique.
 12794 | D:10     | Offered knowledge of Poisonous Vapours by Vehumet.
 12795 | D:10     | Reached skill level 5 in Air Magic
 12948 | D:10     | Reached skill level 1 in Armour
 13021 | D:10     | Killed a very large slime creature
 13022 | D:10     | Reached XP level 11. HP: 44/66 MP: 22/22
 14167 | D:10     | Reached *** piety under Vehumet
 14389 | D:10     | Found a staircase to the Lair.
 14705 | D:10     | Offered knowledge of Olgreb's Toxic Radiance by Vehumet.
 14735 | D:10     | Learned a level 4 spell: Olgreb's Toxic Radiance
 14989 | D:10     | Found a portal to a secret trove of treasure.
 15079 | Lair:1   | Entered Level 1 of the Lair of Beasts
 15108 | Lair:1   | Reached skill level 1 in Poison Magic
 16222 | Lair:2   | Found a hole to the Spider Nest.
 16273 | Lair:2   | Noticed a four-headed hydra
 16801 | Lair:2   | Reached **** piety under Vehumet
 16802 | Lair:2   | Reached XP level 12. HP: 75/75 MP: 25/25
 16834 | Lair:2   | Noticed Sonja
 16838 | Lair:2   | Killed Sonja
 17231 | Lair:2   | Killed a four-headed hydra
 17232 | Lair:2   | Reached skill level 5 in Poison Magic
 18148 | Lair:3   | Offered knowledge of Irradiate by Vehumet.
 18155 | Lair:3   | Learned a level 5 spell: Irradiate
 18566 | Lair:3   | Reached skill level 1 in Transmutations
 18721 | Lair:3   | Identified the +6 quarterstaff of Hoarch {spect, rElec rN++
                  | Str-3 Dex-3}
 19340 | Lair:3   | Found a staircase to the Shoals.
 19725 | Lair:4   | Noticed an eight-headed hydra
 19725 | Lair:4   | Noticed a six-headed hydra
 19792 | Lair:4   | Killed an eight-headed hydra
 19794 | Lair:4   | Killed a six-headed hydra
 20832 | Lair:4   | Reached skill level 10 in Air Magic
 20873 | Lair:4   | Reached XP level 13. HP: 80/80 MP: 27/27
 21569 | Lair:4   | Found a glowing golden altar of the Shining One.
 22154 | Orc:1    | Entered Level 1 of the Orcish Mines
 22154 | Orc:1    | Found Doxorhaj's Book Shop.
 22815 | Orc:1    | Found Roept's Jewellery Shoppe.
 22967 | Orc:2    | Entered Level 2 of the Orcish Mines
 22973 | Orc:2    | Found a staircase to the Elven Halls.
 23004 | Orc:2    | Reached ***** piety under Vehumet
 23004 | Orc:2    | Offered knowledge of Sticky Flame by Vehumet.
 23088 | Orc:2    | Noticed Jorgrun
 23343 | Orc:2    | Constricted to death by Jorgrun

Illustrated notes

Levels and vault maps discovered:
D:1:      minmay_arrival_nine_rooms, layout_basic,
          shapermc_ecumenical_altar_mp_vishouse
D:2:      layout_basic, minmay_indecisive_spiral
D:3:      layout_loops_ring, trog_three_pillars_becter
D:4:      layout_loops_ring, nicolae_sif_muna_little_library,
          mainiacjoe_overflow_divided_tiny, ebering_ghost_rock_garden
D:5:      lemuel_insect_pit, layout_layer_cave, old_standard_altar,
          serial_shops, shop_coins, minmay_fractal_squares_5
D:6:      layout_loops_cross, uniq_grinder, uniq_eustachio
D:7:      layout_cave_pools, minmay_temple_entry_poolview, serial_park,
          serial_park_square2, serial_park_tiny_2, serial_park_tiny_2,
          serial_park_tiny_pond
D:8:      minmay_recursive_quarters, layout_cave_pools, serial_column_ruins,
          column_ruins_grid_3, column_ruins_grid_1,
          column_ruins_columns_straight, column_ruins_open_tiny_water,
          column_ruins_columns_corner, minmay_tree_intersection, minivault_4
D:9:      layout_roguey, mainiacjoe_overflow_alcove_1,
          nicolae_overflow_hidden_temple, orc_0_dummy, serial_shops, shop
D:10:     layout_loops_ring, minmay_lair_entry_grove, serial_shops,
          nicolae_shop_advertising_works [nicolae_subvault_shop_adworks],
          trove_entry_hex_spiral
Temple:   nicolae_temple_superstar
Lair:1:   layout_roguey, dreamdust_gnoll_shepherd, infiniplex_staircase_pool_2
Lair:2:   layout_concentric_octagons, hellmonk_spider_entry_not_the_bees,
          grunt_forest_small_clearings, uniq_sonja
Lair:3:   layout_roguey, minmay_shoals_entry_hut, grunt_megastairs_4,
          lemuel_fruit_fields
Lair:4:   layout_cave_pods, basic_altar
Orc:1:    layout_caves, serial_shops, nicolae_lakefront_shop,
          nicolae_shop_temple_entry_statues_fountains, nicolae_shop_stone
Orc:2:    st_orc_mages, layout_caves, basic_altar, serial_shops,
          nicolae_shop_statue_plus, uniq_jorgrun, uniq_azrael, uniq_erolcha

Skill      XL: |  1  2  3  4  5  6  7  8  9 10 11 12 13 |
---------------+----------------------------------------+-----
Conjurations   | 6 7 9 10 12 | 12.8
Dodging        | 3 4 5 |  5.0
Stealth        | 3 4 6 |  6.0
Fighting       | 1 3 4 5 6 8 9 |  9.9
Spellcasting   | 3 4 5 7 8 9 |  9.5
Hexes          | 1 2 3 |  3.3
Air Magic      | 2 5 8 10 | 10.6
Armour         | 1 2 |  2.0
Poison Magic   | 4 7 8 |  8.8
Transmutations | 2 3 |  3.0

Action                   |  1- 3 |  4- 6 |  7- 9 | 10-12 | 13-15 || total
-------------------------+-------+-------+-------+-------+-------++-------
Melee: Unarmed           |     9 |       |       |       |       ||     9
       Kick              |    10 |     1 |     1 |     5 |       ||    17
       Dagger            |    24 |     7 |     6 |       |       ||    37
       Hand axe          |     1 |       |       |       |       ||     1
       Peck              |     2 |       |       |     2 |       ||     4
       Punch             |     1 |       |       |       |       ||     1
       Whip              |       |       |       |    10 |       ||    10
 Fire: Sling             |     4 |     1 |       |       |       ||     5
Throw: Dart              |       |       |       |     1 |       ||     1
 Cast: Magic Dart        |    57 |    44 |    75 |    71 |    13 ||   260
       Searing Ray       |     3 |    16 |    30 |    62 |     9 ||   120
       Fulminant Prism   |       |       |    36 |   118 |    17 ||   171
       Slow              |       |       |     2 |       |       ||     2
       Iskenderun's Myst |       |       |     1 |     3 |     2 ||     6
       Olgreb's Toxic Ra |       |       |       |    23 |    20 ||    43
       Irradiate         |       |       |       |     9 |    14 ||    23
Evoke: Wand              |       |       |     2 |     4 |       ||     6
  Use: Scroll            |     3 |     2 |    10 |    14 |     1 ||    30
       Potion            |       |       |     2 |       |       ||     2
 Stab: Sleeping          |     1 |       |     1 |       |       ||     2
Armor: Robe              |     7 |       |     6 |    29 |     6 ||    48
Dodge: Dodged            |    18 |    10 |    59 |   100 |    20 ||   207
